 Dungeon Crawl Stone Soup version 0.16.0-16-g311141a (webtiles) character file.

645 MDvedh the Destroyer (level 7, -7/36 HPs)
             Began as a Deep Elf Conjurer on Mar 19, 2015.
             Was a Follower of Vehumet.
             Mangled by Duvessa
             ... wielding a +1 short sword of venom
              (12 damage)
             ... on level 4 of the Dungeon.
             The game lasted 00:11:31 (3793 turns).

MDvedh the Destroyer (Deep Elf Conjurer)            Turns: 3793, Time: 00:11:32

Health: -7/36      AC:  3    Str:  5    XL:     7   Next: 27%
Magic:  1/22       EV: 12    Int: 21    God:    Vehumet [*.....]
Gold:   185        SH:  0    Dex: 16    Spells: 5 memorised, 2 levels left

rFire  . . .     SeeInvis .     k - +4 flail (drain)
rCold  . . .     Clarity  .     i - +0 leather armour (curse)
rNeg   . . .     SustAb   .     (no shield)
rPois  .         Gourm    .     (no helmet)
rElec  .         Spirit   .     (no cloak)
rCorr  .         Warding  .     (no gloves)
rMut   .         Stasis   .     (no boots)
MR     .....                    (no amulet)
Stlth  ++........               (no ring)
                                t - +3 ring of slaying

@: lethally poisoned (-7 -> -44), not resistant to hostile enchantments,
unstealthy
A: no striking features
a: Renounce Religion


You were on level 4 of the Dungeon.
You worshipped Vehumet.
Vehumet was aware of your devotion.
You were not hungry.

You visited 1 branch of the dungeon, and saw 4 of its levels.

You collected 185 gold pieces.

Inventory:

Hand weapons
 k - a +4 flail of draining (weapon)
Armour
 a - a +0 robe
 d - a +0 pair of gloves
 i - a cursed +0 leather armour (worn)
Jewellery
 h - an uncursed amulet of rage {unknown}
 t - a +3 ring of slaying (left hand)
Magical devices
 e - a wand of slowing (48)
 j - a wand of fireball (4)
 o - a wand of magic darts (25)
Scrolls
 g - a scroll of teleportation
 n - a scroll of magic mapping
 q - 2 scrolls of blinking
 r - a scroll of amnesia
 u - a scroll of recharging
Potions
 l - a potion of flight
 m - 3 potions of restore abilities
 p - a potion of brilliance
 s - a potion of poison {unknown}
Books
 c - a book of Conjurations

   Spells                             Type                      Level
   a - Magic Dart                     Conjuration                  1
   b - Searing Ray                    Conjuration                  2
   c - Dazzling Spray                 Conjuration/Hexes            3
   d - Fulminant Prism                Conjuration/Hexes            4
   e - Iskenderun's Mystic Blast      Conjuration                  4
   f - Iskenderun's Battlesphere      Conjuration/Charms           5
Comestibles
 b - 5 bread rations
 f - a meat ration


   Skills:
 - Level 2.4 Dodging
 - Level 2.4 Stealth
 - Level 4.8 Spellcasting
 + Level 8.4 Conjurations
 + Level 4.5 Charms


You had 2 spell levels left.
You knew the following spells:

 Your Spells              Type           Power        Failure   Level  Hunger
a - Magic Dart            Conj           ####         1%          1    None
b - Searing Ray           Conj           #####.       1%          2    None
c - Iskenderun's Battles  Conj/Chrm      ####....     38%         5    #####..
d - Sting                 Conj/Pois      ###.         4%          1    None
f - Iskenderun's Mystic   Conj           #####...     8%          4    ####...


Dungeon Overview and Level Annotations

Branches:
Dungeon (4/15)
 Temple: D:4-7

Altars:
Cheibriados
Gozag
Makhleb
Qazlal
Vehumet
Xom

Shops:
D:3 *

Annotations:
D:4 Duvessa


Message History

Aiming: Sting
Press: ? - help, Shift-Dir - straight line, f/p - Duvessa
Aim: Duvessa, wielding a short sword of venom and wearing a leather armour (severely wounded, berserk, fast, unusually strong, poisoned)
The sting misses Duvessa.
You feel sick.
Duvessa hits you with a short sword of venom.
You are more poisoned.
Unknown command.
Casting: Sting
Confirm with . or Enter, or press ? or * to list all spells.
Aiming: Magic Dart
Press: ? - help, Shift-Dir - straight line, f/p - Duvessa
Aim: Duvessa, wielding a short sword of venom and wearing a leather armour (severely wounded, berserk, fast, unusually strong, poisoned)
The magic dart hits Duvessa.
Duvessa is almost dead.
You feel sick.
Duvessa hits you with a short sword of venom!
* * * LOW HITPOINT WARNING * * *
You are more poisoned.
Duvessa hits you with a short sword of venom!
You die...

### ########## ##.##
###........# ##...##
#.....####.######.....##
###.....#
#.@e..).......#
#.......#
########.....##
#.#.....# #......#
#.#.....# #.#.##.#
#.####### #.†.# # #.#
#e.## ##.## #..# #...#
#... #...# .....


You could see Duvessa (berserk).

Vanquished Creatures
  A phantom (D:4)
  2 ogres (D:4)
  The ghost of Nefaurd the Magician, an average VSWz (D:3)
  A scorpion (D:4)
  Dowan (D:4)
  A worker ant (D:4)
  Ijyb (D:2)
  Terence (D:2)
  A gnoll (D:1)
  9 adders
  4 worms
  2 giant mites
  An ooze (D:4)
  4 orcs
  A ball python (D:2)
  4 giant cockroaches
  11 hobgoblins
  3 jackals (D:3)
  2 quokkas (D:3)
  8 bats
  2 giant newts (D:1)
  9 goblins
  8 kobolds
  8 rats
86 creatures vanquished.

Vanquished Creatures (others)
  A hound (D:4)
  An iguana (D:4)
  A worker ant (D:4)
  A hobgoblin (D:4)
  A kobold (D:4)
  A rat (D:4)
6 creatures vanquished.

Grand Total: 92 creatures vanquished

Notes
Turn   | Place    | Note
--------------------------------------------------------------
     0 | D:1      | MDvedh, the Deep Elf Conjurer, began the quest for the Orb.
     0 | D:1      | Reached XP level 1. HP: 10/10 MP: 5/5
   364 | D:1      | Reached XP level 2. HP: 15/15 MP: 6/8
   750 | D:1      | Learned a level 2 spell: Searing Ray
   784 | D:1      | Reached skill level 5 in Conjurations
   784 | D:1      | Reached XP level 3. HP: 19/19 MP: 4/12
   923 | D:2      | Noticed Terence
   939 | D:2      | Killed Terence
  1025 | D:2      | Noticed Ijyb
  1044 | D:2      | Killed Ijyb
  1044 | D:2      | Reached XP level 4. HP: 13/24 MP: 11/15
  1188 | D:2      | Found a snail-covered altar of Cheibriados.
  1643 | D:3      | Found a stormy altar of Qazlal.
  1721 | D:3      | Found a radiant altar of Vehumet.
  1745 | D:3      | Reached skill level 6 in Conjurations
  1766 | D:3      | Became a worshipper of Vehumet
  1848 | D:3      | Found Gozag's Platinum Reserve.
  1857 | D:3      | Reached XP level 5. HP: 19/28 MP: 11/18
  1897 | D:3      | Found an opulent altar of Gozag.
  2003 | D:3      | Found a burning altar of Makhleb.
  2110 | D:3      | Noticed Nefaurd's ghost (average VSWz)
  2124 | D:3      | Killed Nefaurd's ghost
  2339 | D:3      | Reached skill level 7 in Conjurations
  2868 | D:4      | Reached XP level 6. HP: 16/32 MP: 10/20
  3014 | D:4      | Learned a level 5 spell: Iskenderun's Battlesphere
  3019 | D:4      | Learned a level 4 spell: Iskenderun's Mystic Blast
  3102 | D:4      | Acquired Vehumet's first power
  3102 | D:4      | Offered knowledge of Sting by Vehumet.
  3167 | D:4      | Learned a level 1 spell: Sting
  3581 | D:4      | Found a shimmering altar of Xom.
  3581 | D:4      | Noticed an ogre
  3589 | D:4      | Killed an ogre
  3589 | D:4      | Reached skill level 8 in Conjurations
  3589 | D:4      | Reached XP level 7. HP: 36/36 MP: 18/22
  3695 | D:4      | Noticed an ogre
  3705 | D:4      | Killed an ogre
  3761 | D:4      | Noticed Dowan
  3774 | D:4      | Killed Dowan
  3787 | D:4      | Noticed Duvessa
  3793 | D:4      | Mangled by Duvessa

Action                   |  1- 3 |  4- 6 |  7- 9 || total
-------------------------+-------+-------+-------++-------
Melee: Flail             |    12 |    28 |     4 ||    44
 Cast: Magic Dart        |    35 |    92 |     5 ||   132
       Searing Ray       |     4 |    10 |       ||    14
       Iskenderun's Myst |       |     4 |     5 ||     9
       Sting             |       |     3 |     6 ||     9
  Use: Scroll            |     6 |     6 |       ||    12
       Potion            |       |     1 |       ||     1
 Stab: Sleeping          |       |       |     1 ||     1
  Eat: Chunk             |       |     5 |       ||     5
       Pizza             |       |     1 |       ||     1
       Meat ration       |       |     1 |       ||     1
